[Event "Titled Tuesday Blitz March 01 Early 2022"]
[White "Melian, Juan Sebastian"]
[Black "Maung, Maung Kyaw Zaw Hein"]
[WhiteFideId "3706575"]
[BlackFideId "13001698"]
[WhiteElo "1842"]
[BlackElo "1785"]
[Result "1-0"]
[Round "06"]
[TimeControl "180+1"]
[Date "2022.03.01"]
[WhiteClock "0:00:49"]
[BlackClock "0:01:52"]

1. e4 c6 2. d4 d5 3. exd5 cxd5 4. Bd3 Nc6 5. c3 Nf6 6. Ne2 g6 7. O-O Bf5 8. Qc2 Bxd3 9. Qxd3 Bg7 10. Bf4 O-O 11. Nd2 e6 12. Ng3 Ne8 13. Rfe1 Nd6 14. Nf3 b5 15. Bxd6 Qxd6 16. Qxb5 Rab8 17. Qe2 Rb6 18. Rac1 Rfb8 19. b3 a5 20. Red1 a4 21. c4 dxc4 22. bxc4 Rb2 23. Rc2 Rxc2 24. Qxc2 Nxd4 25. Nxd4 Bxd4 26. h3 Bxf2+ 27. Kxf2 Qf4+ 28. Kg1 Qxg3 29. c5 Rc8 30. c6 Qc7 31. Qc5 Qxc6 32. Rd8+ Kg7 33. Qf8+ Kf6 34. Rxc8 1-0


[Site "https://www.chess.com"]

[Event "Titled Tuesday Blitz March 01 Early 2022"]
[White "Mena, Ailen Oriana"]
[Black "Gatterer, Florian"]
[WhiteFideId "3902773"]
[BlackFideId "811688"]
[WhiteElo "1534"]
[BlackElo "2218"]
[Result "1-0"]
[Round "06"]
[TimeControl "180+1"]
[Date "2022.03.01"]
[WhiteClock "0:00:14"]
[BlackClock "0:00:02"]

1. e4 c5 2. c3 d5 3. exd5 Qxd5 4. d4 g6 5. Nf3 Bg7 6. Na3 Nf6 7. Bc4 Qe4+ 8. Be3 O-O 9. O-O cxd4 10. Nxd4 Nc6 11. Re1 Nxd4 12. Bxd4 Qc6 13. Rxe7 Bg4 14. Qb3 a6 15. Bxf7+ Kh8 16. Qxb7 Qxb7 17. Rxb7 Rab8 18. Rxb8 Rxb8 19. b4 a5 20. bxa5 Rb7 21. Bb3 Be2 22. Re1 Bd3 23. a6 Bxa6 24. Nc4 Nd5 25. Bxg7+ Kxg7 26. Nd6 Rb6 27. Bxd5 Rxd6 28. c4 Bc8 29. Re7+ Kf6 30. Rxh7 Ra6 31. c5 Ra5 32. Rc7 Bf5 33. h3 g5 34. Bb3 1-0


[Site "https://www.chess.com"]

[Event "Titled Tuesday Blitz March 01 Early 2022"]
[White "Mikhalsky, Vladimir"]
[Black "Agasarov, Benik"]
[WhiteFideId "14144352"]
[BlackFideId "13314823"]
[WhiteElo "2248"]
[BlackElo "2570"]
[Result "1/2-1/2"]
[Round "06"]
[TimeControl "180+1"]
[Date "2022.03.01"]
[WhiteClock "0:00:07"]
[BlackClock "0:01:12"]

1. c4 g6 2. d4 Bg7 3. e4 c5 4. d5 d6 5. Nc3 Bxc3+ 6. bxc3 Qa5 7. f3 Nf6 8. Bh6 Bd7 9. Qd2 Ba4 10. Rb1 b6 11. Bg7 Rg8 12. Bxf6 exf6 13. Ne2 Nd7 14. Qf4 Bc2 15. Rb2 Ne5 16. Qxf6 Nd3+ 17. Kd2 Nxb2 18. Kxc2 Nxc4 19. Nc1 Qa4+ 20. Kb1 Na3+ 21. Kb2 Qc2+ 22. Kxa3 Qxc1+ 23. Ka4 Qc2+ 24. Kb5 a6+ 25. Kc6 Qa4+ 26. Kxd6 Rd8+ 27. Ke5 Qa3 28. Kf4 Qc1+ 29. Kg3 Qe1+ 30. Kh3 Qd2 31. Bxa6 Qh6+ 32. Kg3 Rd7 33. Bb5 Qg7 34. Qc6 Qe5+ 35. Kh3 Qh5+ 36. Kg3 Qg5+ 37. Kh3 Qh5+ 38. Kg3 Qg5+ 39. Kh3 Qh5+ 1/2-1/2


[Site "https://www.chess.com"]

[Event "Titled Tuesday Blitz March 01 Early 2022"]
[White "Mirzanurov, Bulat"]
[Black "Valle Maytin, Luis Enrique"]
[WhiteFideId "4184521"]
[BlackFideId "3503666"]
[WhiteElo "2116"]
[BlackElo "2046"]
[Result "1-0"]
[Round "06"]
[TimeControl "180+1"]
[Date "2022.03.01"]
[WhiteClock "0:02:27"]
[BlackClock "0:02:24"]

1. e4 c6 2. d4 d5 3. exd5 cxd5 4. Bd3 Nc6 5. c3 Nf6 6. h3 e6 7. Nf3 Bd6 8. O-O Qc7 9. Re1 Rb8 10. Qe2 a6 11. Ne5 Nd7 12. Nxf7 1-0


[Site "https://www.chess.com"]

[Event "Titled Tuesday Blitz March 01 Early 2022"]
[White "Mitusov, Semen"]
[Black "Manelyuk, Daniil"]
[WhiteFideId "14151049"]
[BlackFideId "44173920"]
[WhiteElo "2246"]
[BlackElo "2222"]
[Result "0-1"]
[Round "06"]
[TimeControl "180+1"]
[Date "2022.03.01"]
[WhiteClock "0:00:08"]
[BlackClock "0:00:15"]

1. e4 e6 2. d4 d5 3. Nc3 Bb4 4. e5 c5 5. Bd2 Ne7 6. Qg4 cxd4 7. Qxd4 Nbc6 8. Qg4 O-O 9. Nf3 Ng6 10. Bd3 d4 11. Nb1 Qa5 12. O-O Bxd2 13. Nbxd2 Ngxe5 14. Nxe5 Nxe5 15. Qxd4 Rd8 16. Qe3 Nxd3 17. cxd3 b6 18. Nc4 Qd5 19. Rad1 Ba6 20. Qg3 Bxc4 21. dxc4 Qxd1 22. h4 Qd3 23. Qc7 Qd7 24. Qg3 Rac8 25. b3 Qd3 26. Qg4 Qd4 27. Qg3 e5 28. h5 e4 29. h6 g6 30. Re1 f5 31. Qg5 Rd7 32. Kh2 Qd2 33. Re3 Qxf2 34. Rg3 f4 35. Rg4 f3 36. Qf6 Rf8 37. Qe6+ Rdf7 38. Qxe4 fxg2 39. Rxg2 Qf4+ 40. Qxf4 Rxf4 41. Kg3 R4f5 42. Re2 Rg5+ 43. Kh4 Rh5+ 44. Kg4 Rxh6 45. Re7 Rf7 46. Re8+ Kg7 47. Re6 Rh1 48. Kg3 Rg1+ 49. Kh2 Rg5 50. Re4 h5 51. a4 Rg4 52. Re5 Rd4 53. a5 Rd2+ 54. Kg3 Rd3+ 55. Kh2 Rxb3 56. axb6 axb6 57. Re2 Rc7 58. Re4 Rb4 59. Re6 Rcxc4 60. Re7+ Kh6 61. Re5 h4 62. Kh3 g5 63. Re6+ Kh5 64. Re3 g4+ 65. Kg2 Rc2+ 66. Kf1 Rb1+ 67. Re1 Rxe1+ 68. Kxe1 h3 69. Kf1 Ra2 70. Kg1 b5 71. Kh1 b4 72. Kg1 b3 73. Kh1 b2 74. Kh2 b1=Q+ 75. Kg3 Qb8# 0-1


[Site "https://www.chess.com"]

[Event "Titled Tuesday Blitz March 01 Early 2022"]
[White "Mkrtchyan, Mariam"]
[Black "Madaminov, Mukhiddin"]
[WhiteFideId "13310828"]
[BlackFideId "14210703"]
[WhiteElo "1984"]
[BlackElo "1916"]
[Result "1-0"]
[Round "06"]
[TimeControl "180+1"]
[Date "2022.03.01"]
[WhiteClock "0:00:15"]
[BlackClock "0:00:11"]

1. d4 Nf6 2. Nf3 d5 3. c4 e6 4. g3 dxc4 5. Bg2 a6 6. a4 Nc6 7. O-O Rb8 8. Nc3 Nd5 9. e4 Ndb4 10. d5 Na5 11. Qe2 Nb3 12. Rb1 b5 13. axb5 axb5 14. Nxb5 Rxb5 15. Qxc4 Nxc1 16. Qxb5+ Bd7 17. Qc4 Ncd3 18. Rfd1 Qb8 19. Bf1 Bb5 20. Qb3 c5 21. dxc6 Qd6 22. Ne1 1-0


[Site "https://www.chess.com"]

[Event "Titled Tuesday Blitz March 01 Early 2022"]
[White "Mohammad Fahad, Rahman"]
[Black "Maatman, Nick"]
[WhiteFideId "10207791"]
[BlackFideId "1040391"]
[WhiteElo "2323"]
[BlackElo "2531"]
[Result "1-0"]
[Round "06"]
[TimeControl "180+1"]
[Date "2022.03.01"]
[WhiteClock "0:00:18"]
[BlackClock "0:00:03"]

1. Nf3 Nf6 2. b3 g6 3. Bb2 Bg7 4. c4 O-O 5. Nc3 c5 6. g3 Nc6 7. Bg2 b6 8. d4 cxd4 9. Nxd4 Bb7 10. O-O Rc8 11. Nc2 d6 12. e4 a6 13. Qe2 Nd7 14. Ne3 b5 15. cxb5 Nd4 16. Qd2 axb5 17. Rfd1 e6 18. Ne2 Nxe2+ 19. Qxe2 Bxb2 20. Qxb2 Ne5 21. Qd4 Qf6 22. f4 Nd7 23. Qxd6 Qc3 24. Ng4 Qc5+ 25. Qxc5 Nxc5 26. Rac1 Kg7 27. Nf2 Na6 28. Bf1 Nb4 29. a3 Nc2 30. Bxb5 Nxa3 31. Bd3 Rfd8 32. Rxc8 Rxc8 33. Ra1 Rc2 34. Rxa3 1-0


[Site "https://www.chess.com"]

[Event "Titled Tuesday Blitz March 01 Early 2022"]
[White "Molina, Roberto Junio Brito"]
[Black "Terzi, Alexei"]
[WhiteFideId "2109450"]
[BlackFideId "13505076"]
[WhiteElo "2402"]
[BlackElo "2031"]
[Result "1-0"]
[Round "06"]
[TimeControl "180+1"]
[Date "2022.03.01"]
[WhiteClock "0:01:02"]
[BlackClock "0:00:22"]

1. d4 Nf6 2. Nf3 c5 3. e3 b6 4. d5 e6 5. c4 exd5 6. cxd5 g6 7. Nc3 Bg7 8. e4 O-O 9. Bd3 Re8 10. O-O d6 11. h3 Ba6 12. Bxa6 Nxa6 13. Re1 Nc7 14. a4 a6 15. Bf4 Qd7 16. Bh2 Rad8 17. e5 dxe5 18. Nxe5 Qc8 19. Nc6 Rxe1+ 20. Qxe1 Ncxd5 21. Nxd5 Nxd5 22. Nxd8 Qxd8 23. Rd1 Bd4 24. Be5 Ne7 25. Bf6 Kf8 26. b3 Qd6 27. Qxe7+ Qxe7 28. Bxe7+ Kxe7 29. Kf1 Kd6 30. Ke2 Kd5 31. f3 f5 32. g4 f4 33. Kd3 b5 34. axb5 axb5 35. Rc1 g5 36. Rc2 h6 37. Ra2 c4+ 38. bxc4+ bxc4+ 39. Kd2 Be3+ 40. Kc3 Bd4+ 41. Kc2 Bc5 42. Ra6 Kd4 43. Re6 Bb4 44. Re4+ Kd5 45. Kd1 Ba5 46. Kc1 Bb4 47. Kc2 Ba5 48. Kb2 Bb4 49. Kb1 Ba5 50. Ka2 Bb4 51. Kb2 Ba5 52. Ka3 Bd2 53. Ka4 Bc3 54. Kb5 Bd4 55. Kb4 Bc5+ 56. Kc3 Bb6 57. Rxc4 Ba5+ 58. Kd3 Be1 59. Ra4 Bh4 60. Ra6 Bg3 61. Rxh6 Ke5 62. Rh5 Bh4 63. Rxh4 gxh4 64. Kc4 1-0


[Site "https://www.chess.com"]

[Event "Titled Tuesday Blitz March 01 Early 2022"]
[White "Moskalenko, Alexander"]
[Black "Matlakov, Maxim"]
[WhiteFideId "4155351"]
[BlackFideId "4168003"]
[WhiteElo "2855"]
[BlackElo "2836"]
[Result "0-1"]
[Round "06"]
[TimeControl "180+1"]
[Date "2022.03.01"]
[WhiteClock "0:00:50"]
[BlackClock "0:01:17"]

1. d4 d5 2. Nf3 Nf6 3. c4 c6 4. e3 g6 5. Nc3 Bg7 6. Be2 O-O 7. O-O Ne4 8. Qb3 dxc4 9. Bxc4 Nd6 10. Be2 Bf5 11. Bd2 Nd7 12. Rac1 Rc8 13. Na4 Be6 14. Qa3 Ne4 15. Bb4 Re8 16. Nc3 Nxc3 17. Bxc3 Qc7 18. Ng5 Bd5 19. e4 Bh6 20. exd5 Bxg5 21. dxc6 bxc6 22. Rc2 Nb6 23. Ba5 Qd7 24. Bf3 Red8 25. g3 Bf6 26. Bc3 Qf5 27. Bg2 Qxc2 0-1


[Site "https://www.chess.com"]

[Event "Titled Tuesday Blitz March 01 Early 2022"]
[White "Muhammed, Shuaau"]
[Black "Gracia Alvarez, Gerardo Antonio"]
[WhiteFideId "16700406"]
[BlackFideId "5109124"]
[WhiteElo "1674"]
[BlackElo "2139"]
[Result "0-1"]
[Round "06"]
[TimeControl "180+1"]
[Date "2022.03.01"]
[WhiteClock "0:00:01"]
[BlackClock "0:00:12"]

1. f4 d5 2. Nf3 Nf6 3. b3 g6 4. Bb2 Bg7 5. e3 O-O 6. Be2 c5 7. O-O Nc6 8. Bb5 d4 9. Bxc6 bxc6 10. exd4 Nd5 11. Ne5 cxd4 12. Bxd4 Bb7 13. Bb2 c5 14. a3 Rc8 15. c4 Nf6 16. Nc3 Qb6 17. Na4 Qc7 18. d4 cxd4 19. Qxd4 Rfd8 20. Qxa7 Rd2 21. Rf2 Rcd8 22. Qe3 Rxf2 23. Qxf2 Ne4 24. Qe1 Nd2 25. Rd1 Nxb3 26. Rxd8+ Qxd8 27. c5 Nd4 28. h3 Qd5 29. Qf2 Nc6 30. Nc3 Qb3 31. Nd1 Bh6 32. Nxc6 Bxc6 33. Qd2 f6 34. Kh2 Qc4 35. g3 g5 36. Ne3 Qe4 37. Qd8+ Kf7 38. Qd2 Qh1# 0-1


[Site "https://www.chess.com"]

[Event "Titled Tuesday Blitz March 01 Early 2022"]
[White "Murzin, Volodar"]
[Black "Zhigalko, Sergei"]
[WhiteFideId "44155573"]
[BlackFideId "13502956"]
[WhiteElo "2585"]
[BlackElo "2662"]
[Result "0-1"]
[Round "06"]
[TimeControl "180+1"]
[Date "2022.03.01"]
[WhiteClock "0:00:03"]
[BlackClock "0:00:04"]

1. e4 c5 2. Nf3 Nc6 3. Bb5 Nf6 4. Bxc6 dxc6 5. d3 Bg4 6. O-O Qc7 7. Nbd2 Nd7 8. a4 e6 9. h3 Bh5 10. Nc4 b5 11. Ne3 Bd6 12. g4 Bg6 13. Nh4 O-O 14. Kg2 Rad8 15. Qe2 c4 16. Nxg6 cxd3 17. cxd3 hxg6 18. axb5 cxb5 19. Bd2 Bc5 20. Rfc1 Qb7 21. Ba5 Bb6 22. Nc2 Nc5 23. Bxb6 Qxb6 24. Rd1 e5 25. Nb4 Ne6 26. Qe3 Nf4+ 27. Kg3 Qd6 28. Na6 f5 29. b4 Nxd3 30. Kg2 fxe4 31. Kh2 Rf3 32. Qxe4 Qf6 33. Nc5 Rxf2+ 34. Kg1 Rd4 35. Qa8+ Kh7 36. Rxd3 Rff4 37. Rxd4 Rxd4 38. Qg2 e4 39. Rf1 Qe5 40. Qe2 e3 41. Rf3 Rd2 42. Qxe3 Qh2+ 43. Kf1 Rd1+ 0-1


[Site "https://www.chess.com"]

[Event "Titled Tuesday Blitz March 01 Early 2022"]
[White "Nakamura, Hikaru"]
[Black "Rustemov, Alexander"]
[WhiteFideId "2016192"]
[BlackFideId "4119002"]
[WhiteElo "2850"]
[BlackElo "2803"]
[Result "1-0"]
[Round "06"]
[TimeControl "180+1"]
[Date "2022.03.01"]
[WhiteClock "0:01:27"]
[BlackClock "0:00:01"]

1. Nf3 c5 2. e3 Nf6 3. b3 g6 4. Bb2 Bg7 5. d4 O-O 6. dxc5 Qa5+ 7. c3 Qxc5 8. Ba3 Qb6 9. Bxe7 Re8 10. Bxf6 Bxf6 11. Be2 d5 12. O-O Nc6 13. Nd4 Be6 14. Nd2 Rac8 15. N2f3 Ne5 16. Qd2 a6 17. Rac1 Rc5 18. Nxe6 Qxe6 19. Nd4 Qb6 20. Rfd1 Rec8 21. h3 Qc7 22. Bf1 Rxc3 23. Ne2 Rc6 24. Qxd5 Kg7 25. Qd2 Rc2 26. Rxc2 Qxc2 27. Nd4 Qxd2 28. Rxd2 Rc1 29. g3 Nc6 30. Nxc6 Rxc6 31. Rd7 b5 32. Bd3 Rc3 33. Be4 1-0


[Site "https://www.chess.com"]

[Event "Titled Tuesday Blitz March 01 Early 2022"]
[White "Nasyrova, Ekaterina"]
[Black "Artemenko, Oleg"]
[WhiteFideId "44157797"]
[BlackFideId "14201798"]
[WhiteElo "2068"]
[BlackElo "2287"]
[Result "0-1"]
[Round "06"]
[TimeControl "180+1"]
[Date "2022.03.01"]
[WhiteClock "0:00:13"]
[BlackClock "0:01:24"]

1. d4 Nf6 2. c4 e6 3. Nc3 Bb4 4. e3 O-O 5. Bd2 d5 6. Nf3 c5 7. a3 Bxc3 8. Bxc3 Ne4 9. Bd3 Nc6 10. O-O b6 11. cxd5 exd5 12. Bxe4 dxe4 13. Ne5 Nxe5 14. dxe5 Ba6 15. Re1 Qxd1 16. Raxd1 Bd3 17. f3 Rfd8 18. Rd2 Rd5 19. Kf2 Rad8 20. Red1 Kf8 21. Kg3 h6 22. h4 Ke7 23. Kf4 exf3 24. gxf3 Bc4 25. e4 Rxd2 26. Rxd2 Rxd2 27. Bxd2 Ke6 28. Bc3 g6 29. Kg4 Be2 30. Kg3 a5 31. Kf2 Bd1 32. Kg3 Kd7 33. Bd2 h5 34. Kf4 Kc6 35. Ke3 Kb5 36. f4 Bc2 37. Kf3 Kc4 38. Ke3 Kb3 39. Bc3 a4 40. f5 gxf5 41. exf5 Bxf5 42. Kf4 Bg4 43. Kg5 b5 44. Kf6 b4 45. axb4 cxb4 46. Bd4 Kc4 47. Be3 Kd3 48. Bc5 a3 49. bxa3 b3 50. Kxf7 b2 51. e6 b1=Q 52. e7 Qb3+ 53. Kf8 Bd7 54. e8=Q Bxe8 55. Kxe8 Qb5+ 0-1


[Site "https://www.chess.com"]

[Event "Titled Tuesday Blitz March 01 Early 2022"]
[White "Nazari, Arad"]
[Black "Aaditya Dhingra"]
[WhiteFideId "12577324"]
[BlackFideId "25678191"]
[WhiteElo "2120"]
[BlackElo "1789"]
[Result "1-0"]
[Round "06"]
[TimeControl "180+1"]
[Date "2022.03.01"]
[WhiteClock "0:02:17"]
[BlackClock "0:01:33"]

1. e4 c5 2. Nf3 e6 3. d4 cxd4 4. Nxd4 Nc6 5. Nxc6 bxc6 6. Bd3 d5 7. O-O Nf6 8. Nd2 Qb6 9. Kh1 Ba6 10. f4 dxe4 11. Nxe4 Nxe4 12. Bxe4 Bxf1 13. Qxf1 Rd8 14. b3 Bc5 15. f5 exf5 16. Bxf5 O-O 17. Bg5 f6 18. Qc4+ Kh8 19. Qh4 g6 20. Bxf6+ Kg8 21. Be6+ Rf7 22. Bxd8 Qb5 23. Qf6 1-0


[Site "https://www.chess.com"]

[Event "Titled Tuesday Blitz March 01 Early 2022"]
[White "Niyazgulova, Marina"]
[Black "parintele_chess"]
[WhiteFideId "24142573"]
[WhiteElo "2075"]
[BlackElo "2209"]
[Result "1-0"]
[Round "06"]
[TimeControl "180+1"]
[Date "2022.03.01"]
[WhiteClock "0:01:42"]
[BlackClock "0:00:13"]

1. d4 d5 2. Nf3 Nf6 3. c4 e6 4. Nc3 dxc4 5. a4 c5 6. e3 Nc6 7. Bxc4 cxd4 8. exd4 Be7 9. O-O O-O 10. Bg5 Nd5 11. Bxe7 Ncxe7 12. Qd2 b6 13. Ne5 Bb7 14. Rad1 Nxc3 15. bxc3 Nd5 16. Bd3 h6 17. Bb1 Nf6 18. f3 Nd7 19. Qd3 f5 20. Ng6 Rf6 21. Nf4 1-0


[Site "https://www.chess.com"]

[Event "Titled Tuesday Blitz March 01 Early 2022"]
[White "Nozdrachev, Leonid"]
[Black "Sarkar, Justin"]
[WhiteFideId "24113433"]
[BlackFideId "2010011"]
[WhiteElo "2124"]
[BlackElo "2038"]
[Result "1-0"]
[Round "06"]
[TimeControl "180+1"]
[Date "2022.03.01"]
[WhiteClock "0:02:03"]
[BlackClock "0:01:10"]

1. e4 c5 2. b4 cxb4 3. Nf3 Nc6 4. a3 b3 5. cxb3 d5 6. exd5 Qxd5 7. Nc3 Qd6 8. d4 e6 9. Nb5 Qb8 10. g3 a6 11. Bf4 e5 12. Nxe5 1-0


[Site "https://www.chess.com"]

[Event "Titled Tuesday Blitz March 01 Early 2022"]
[White "Omariev, Maksim"]
[Black "Barbashin, Igor"]
[WhiteFideId "4193423"]
[BlackFideId "4155718"]
[WhiteElo "2437"]
[BlackElo "2138"]
[Result "0-1"]
[Round "06"]
[TimeControl "180+1"]
[Date "2022.03.01"]
[WhiteClock "0:00:03"]
[BlackClock "0:01:17"]

1. h4 c5 2. h5 Nc6 3. c3 h6 4. d4 d5 5. Nf3 Nf6 6. dxc5 a5 7. Bf4 e6 8. Na3 Bxc5 9. Nb5 Qb6 10. Nc7+ Ke7 11. e3 Qxb2 12. Nxa8 Ne4 13. Nd2 Nxd2 14. Bd3 Qxc3 15. Ke2 Ne4 16. Rc1 Qb2+ 17. Rc2 Nc3+ 18. Kf3 Nxd1 19. Rxd1 Qa3 20. Ke2 Bd6 21. Bxd6+ Qxd6 22. Nb6 Bd7 23. Nxd7 Qxd7 24. a3 Rc8 25. Rb1 Rc7 26. Rcb2 Ne5 27. Bb5 Qd6 28. f4 Nc4 29. a4 0-1


[Site "https://www.chess.com"]

[Event "Titled Tuesday Blitz March 01 Early 2022"]
[White "Omelja, Artem"]
[Black "Van Foreest, Jorden"]
[WhiteFideId "14119846"]
[BlackFideId "1039784"]
[WhiteElo "2418"]
[BlackElo "2609"]
[Result "0-1"]
[Round "06"]
[TimeControl "180+1"]
[Date "2022.03.01"]
[WhiteClock "0:00:11"]
[BlackClock "0:01:20"]

1. d4 d5 2. c4 e6 3. Nc3 a6 4. cxd5 exd5 5. Nf3 h6 6. Bf4 c6 7. Qc2 Bd6 8. Bxd6 Qxd6 9. e3 Ne7 10. Bd3 Nd7 11. O-O Nf6 12. Rab1 O-O 13. b4 g6 14. Rfc1 Bf5 15. a4 Kg7 16. Bxf5 Nxf5 17. b5 axb5 18. axb5 c5 19. dxc5 Qxc5 20. Ne2 Qxc2 21. Rxc2 Rfc8 22. Rxc8 Rxc8 23. Ned4 Nd6 24. Ne5 Nfe4 25. g3 Ra8 26. Rb2 Ra5 27. Kg2 Nc3 28. b6 Ra6 29. Nd7 Nc4 30. Rb3 Ne4 31. Rb5 Ra2 32. Rxd5 Nxe3+ 33. Kf3 Nxd5 34. Kxe4 Nf6+ 35. Nxf6 Kxf6 36. Ke3 Rb2 37. Nf3 Rxb6 38. Nd2 Re6+ 39. Ne4+ Rxe4+ 40. Kxe4 Ke6 0-1


[Site "https://www.chess.com"]

[Event "Titled Tuesday Blitz March 01 Early 2022"]
[White "Ooi, Zhi Yang"]
[Black "Matinian, Nikita"]
[WhiteFideId "5709270"]
[BlackFideId "24129100"]
[WhiteElo "1802"]
[BlackElo "2422"]
[Result "0-1"]
[Round "06"]
[TimeControl "180+1"]
[Date "2022.03.01"]
[WhiteClock "0:01:11"]
[BlackClock "0:01:50"]

1. d4 Nf6 2. Nf3 g6 3. Bg5 d5 4. Nbd2 Bg7 5. c3 O-O 6. e3 Nbd7 7. Be2 h6 8. Bh4 c5 9. O-O b6 10. a4 a5 11. Bb5 Bb7 12. Qe2 e6 13. Rfd1 g5 14. Bg3 Qe7 15. Ne5 Nxe5 16. Bxe5 Rac8 17. f4 Nh7 18. Bxg7 Kxg7 19. Nf3 f6 20. Rf1 g4 21. Nh4 f5 22. g3 Nf6 23. Ng2 c4 24. Nh4 Bc6 25. Qc2 Bxb5 26. axb5 Qd7 27. Qa4 Ne4 28. Rfc1 Nd6 29. h3 h5 30. hxg4 hxg4 31. Kg2 Qxb5 32. Qc2 Rh8 33. Rh1 Ne4 34. Rh2 Qd7 35. Rah1 b5 36. Ra1 Ra8 37. Rah1 b4 38. Ra1 Qb5 39. Rah1 bxc3 40. bxc3 Qb3 41. Qxb3 cxb3 42. Ra1 a4 43. Kg1 a3 0-1


[Site "https://www.chess.com"]

[Event "Titled Tuesday Blitz March 01 Early 2022"]
[White "Oparin, Grigoriy"]
[Black "Vlassov, Nikolai"]
[WhiteFideId "24125890"]
[BlackFideId "4103360"]
[WhiteElo "2685"]
[BlackElo "2407"]
[Result "1-0"]
[Round "06"]
[TimeControl "180+1"]
[Date "2022.03.01"]
[WhiteClock "0:00:21"]
[BlackClock "0:00:20"]

1. d4 Nf6 2. c4 Nc6 3. Nf3 e6 4. Nc3 Bb4 5. Bd2 O-O 6. e3 d6 7. Qc2 e5 8. a3 Bxc3 9. Bxc3 Qe7 10. Be2 Bg4 11. d5 Nb8 12. h3 Bh5 13. e4 c6 14. g4 Bg6 15. Bd3 cxd5 16. cxd5 Nxd5 17. exd5 e4 18. Qe2 Re8 19. Bc4 exf3 20. Qxe7 Rxe7+ 21. Kd2 Nd7 22. Rhe1 Rae8 23. Bd4 a6 24. a4 h5 25. Rxe7 Rxe7 26. Re1 Rxe1 27. Kxe1 hxg4 28. hxg4 Kf8 29. a5 Ne5 30. Bxe5 dxe5 31. d6 Be4 32. Kd2 Bc6 33. Kc3 f6 34. Be6 Ke8 35. Kd3 Kd8 36. Ke3 e4 37. Bf5 Ke8 38. b4 Kf7 39. Bxe4 Bxe4 40. Kxe4 Ke6 41. Kxf3 Kxd6 42. Ke4 g6 43. f4 Kc6 44. Kd4 Kb5 45. Kc3 Ka4 46. Kc4 Ka3 47. f5 gxf5 48. gxf5 Ka4 49. Kc5 Kb3 50. b5 Ka4 51. bxa6 bxa6 52. Kb6 Kb4 53. Kxa6 Kc5 54. Kb7 Kd6 55. a6 Ke5 56. a7 Kxf5 57. a8=Q Kg4 58. Qa6 f5 59. Qf1 f4 60. Kc6 1-0


[Site "https://www.chess.com"]

[Event "Titled Tuesday Blitz March 01 Early 2022"]
[White "Ozer, Omer Faruk"]
[Black "Urazayev, Arystanbek"]
[WhiteFideId "6354564"]
[BlackFideId "13709810"]
[WhiteElo "2050"]
[BlackElo "2321"]
[Result "1-0"]
[Round "06"]
[TimeControl "180+1"]
[Date "2022.03.01"]
[WhiteClock "0:00:14"]
[BlackClock "0:00:40"]

1. e4 c6 2. d4 d5 3. e5 c5 4. dxc5 e6 5. a3 Bxc5 6. Nf3 f6 7. b4 Be7 8. Bb2 a5 9. b5 Nd7 10. Bd3 Nh6 11. O-O Nf7 12. exf6 Bxf6 13. Bxf6 Qxf6 14. Nbd2 e5 15. Be2 e4 16. Ne1 O-O 17. c4 Nd6 18. cxd5 Nc5 19. Nc2 Na4 20. Ne3 Nc3 21. Qe1 Bd7 22. a4 Rac8 23. Ndc4 Nxc4 24. Nxc4 Nxd5 25. Nxa5 Nf4 26. Bc4+ Rxc4 27. Nxc4 Qg6 28. g3 Bh3 29. Ne5 Qf5 30. gxf4 Qxf4 31. Qe3 Qh4 32. Qg3 Qh5 33. Rfc1 h6 34. Rc7 g5 35. Rac1 Re8 36. Qb3+ Be6 37. Qc3 Qh4 38. h3 Qf4 39. Ng4 Bf7 40. Nxh6+ Kh7 41. Rxf7+ Kxh6 42. Qg7+ Kh5 43. Rxf4 Re7 44. Rc5 Rxg7 45. Rg4 e3 46. Rgxg5+ Rxg5+ 47. Rxg5+ Kxg5 48. fxe3 b6 49. a5 bxa5 50. b6 a4 51. b7 a3 52. b8=Q a2 53. Qa7 Kh4 54. Qxa2 Kg3 55. Qe2 Kh4 56. e4 Kg3 57. e5 Kf4 58. e6 Kg3 59. Qg4# 1-0


[Site "https://www.chess.com"]

[Event "Titled Tuesday Blitz March 01 Early 2022"]
[White "Pajeken, Jakob Leon"]
[Black "Shubenkova, Veronika"]
[WhiteFideId "12942839"]
[BlackFideId "44124040"]
[WhiteElo "2351"]
[BlackElo "1938"]
[Result "1-0"]
[Round "06"]
[TimeControl "180+1"]
[Date "2022.03.01"]
[WhiteClock "0:01:51"]
[BlackClock "0:01:53"]

1. d4 d5 2. c4 e6 3. Nf3 f5 4. e3 Nf6 5. b3 c6 6. Be2 Bd6 7. O-O O-O 8. Ba3 Bxa3 9. Nxa3 Qd6 10. Nc2 Nbd7 11. Nce1 b6 12. Nd3 Bb7 13. Nfe5 Rac8 14. b4 c5 15. cxd5 Nxd5 16. Nxd7 Qxd7 17. bxc5 Nc3 18. Qe1 Nxe2+ 19. Qxe2 Qd5 20. Nf4 Qe4 21. f3 Qc6 22. cxb6 Qxb6 23. Rab1 Ba6 24. Qd2 Qd6 25. Rfd1 Rc4 26. Nd3 Rfc8 27. Nc5 h6 28. Qa5 R4xc5 29. dxc5 Qc6 30. Rd6 1-0


[Site "https://www.chess.com"]

[Event "Titled Tuesday Blitz March 01 Early 2022"]
[White "Paravyan, David"]
[Black "Beerdsen, Thomas"]
[WhiteFideId "4194985"]
[BlackFideId "1030108"]
[WhiteElo "2569"]
[BlackElo "2585"]
[Result "1-0"]
[Round "06"]
[TimeControl "180+1"]
[Date "2022.03.01"]
[WhiteClock "0:00:13"]
[BlackClock "0:00:51"]

1. e4 e5 2. Nf3 Nc6 3. Nc3 Nf6 4. d4 exd4 5. Nxd4 Bb4 6. Nxc6 bxc6 7. Bd3 d5 8. exd5 Bg4 9. f3 Bh5 10. Qe2+ Be7 11. dxc6 O-O 12. O-O Rb8 13. Kh1 Bd6 14. Qf2 a5 15. Rb1 Qe8 16. Bg5 Qe5 17. Qh4 Bg6 18. Rfe1 Qc5 19. Bxf6 gxf6 20. Ne4 Bxe4 21. Bxe4 f5 22. Qg5+ Kh8 23. Qf6+ Kg8 24. Qg5+ Kh8 25. Qxf5 Qxf5 26. Bxf5 Rb5 27. Be4 Rc5 28. g3 f5 29. Bd3 h5 30. Re6 Kg7 31. Rbe1 a4 32. Kg2 a3 33. bxa3 h4 34. gxh4 Rh8 35. Kh3 Ra5 36. Rg1+ Kf7 37. Bc4 Ra4 38. Rh6+ Rxc4 39. Rxh8 Rxc2 40. Rh7+ Ke6 41. Rg2 Rc3 42. Re2+ Kd5 43. Kg2 Rc4 44. Rh8 Kxc6 45. h5 Rh4 46. h3 Bxa3 47. h6 Bc5 48. Rc2 Kd5 49. h7 Bd6 50. a4 Rh6 51. a5 Kd4 52. a6 Kd3 53. Ra2 Rg6+ 54. Kf1 Bc5 55. Rd8+ Ke3 56. h8=Q Kxf3 57. Qc3+ Be3 58. Qxe3+ Kxe3 59. a7 1-0


[Site "https://www.chess.com"]

[Event "Titled Tuesday Blitz March 01 Early 2022"]
[White "Pasti, Aron"]
[Black "Piliczewski, Bogusz"]
[WhiteFideId "785857"]
[BlackFideId "1104144"]
[WhiteElo "2080"]
[BlackElo "1896"]
[Result "1-0"]
[Round "06"]
[TimeControl "180+1"]
[Date "2022.03.01"]
[WhiteClock "0:00:15"]
[BlackClock "0:00:01"]

1. e4 c6 2. d4 d5 3. exd5 cxd5 4. c4 Nf6 5. Nc3 Nc6 6. Nf3 a6 7. Bg5 Bg4 8. Bxf6 gxf6 9. Nxd5 Bxf3 10. Qxf3 Nxd4 11. Qc3 e5 12. Bd3 Rc8 13. O-O Bg7 14. Rfe1 O-O 15. Rad1 f5 16. Ne7+ Qxe7 17. Qxd4 e4 18. Qd5 Qg5 19. Bxe4 Bxb2 20. Bxf5 Rcd8 21. Bxh7+ Kxh7 22. Qxg5 Rxd1 23. Rxd1 Bg7 24. Rd3 Re8 25. Kf1 Bh6 26. Rh3 Re6 27. Qf5+ Kg7 28. Rxh6 Rxh6 29. Qe5+ Kg6 30. g4 Rh4 31. Qf5+ Kh6 32. Qf6+ Kh7 33. Qxh4+ Kg7 34. Qg5+ Kf8 35. Qd8+ Kg7 36. Qc7 b5 37. Qb7 bxc4 38. Qb4 c3 39. Qxc3+ Kg6 40. Qa5 f6 41. Qxa6 Kg5 42. Qc6 Kxg4 43. a4 Kh3 44. a5 Kg4 45. a6 f5 46. a7 Kg5 47. a8=Q Kf4 48. Qb8+ 1-0


[Site "https://www.chess.com"]